 Dungeon Crawl Stone Soup version 0.30.0-29-ga12c61a403 (webtiles) character file.

Game seed: 10928766645862602659

187 qw the Chopper (level 5, -2/32 HPs)
             Began as a Gargoyle Fighter on June 4, 2023.
             Slain by an iguana (4 damage)
             ... on level 4 of the Dungeon.
             The game lasted 00:01:36 (3205 turns).

qw the Chopper (Gargoyle Fighter)                   Turns: 3205, Time: 00:01:36

Health: -2/32      AC: 10    Str: 21    XL:     5   Next: 66%
Magic:  5/5        EV:  9    Int:  9    God:
Gold:   159        SH:  4    Dex:  9    Spells: 4/4 levels left

rFire   . . .        Y - +1 war axe
rCold   . . .        c - +0 buckler
rNeg    + + .        b - +0 scale mail
rPois   inf          (no helmet)
rElec   +            (no cloak)
rCorr   .            (no gloves)
SInv    .            (no boots)
Will    .....        o - amulet of the acrobat Stlth
                     p - ring of positive energy
HPRegen 0.25/turn    (no ring)
MPRegen 0.09/turn

%: acrobat
@: no status effects
A: sickness immunity, AC +4, negative energy resistance 1, electricity
resistance, torment resistance 1, petrification resistance
a: no special abilities


You were on level 4 of the Dungeon.
You visited 1 branch of the dungeon, and saw 4 of its levels.

You collected 159 gold pieces.


Innate Abilities, Weirdness & Mutations

You are immune to sickness and miasma.
Your stone body is resilient. (AC +4)
You are immune to poison.
You resist negative energy. (rN+)
You are resistant to electric shocks. (rElec)
You are resistant to unholy torment.
You are immune to petrification.


   Skills:
 + Level 3.4 Fighting
 - Level 5.1 Axes
 - Level 3.2 Armour
 - Level 3.2 Shields


You had 4 spell levels left.
You didn't know any spells.
Your spell library was empty.

Inventory:

Hand Weapons
 n - a +0 mace
 Y - a +1 war axe (weapon)
Missiles
 q - 4 boomerangs (quivered)
Armour
 b - a +0 scale mail (worn)
 c - a +0 buckler (worn)
 l - a +0 cloak
Jewellery
 o - an amulet of the acrobat (around neck)
 p - a ring of positive energy (left hand)
Scrolls
 a - a scroll of identify
 k - 3 scrolls of teleportation
Potions
 d - 2 potions of might
 e - a potion of mutation {unknown}
 f - a potion of curing
 g - a potion of flight {unknown}
 h - a potion of attraction
 i - a potion of cancellation {unknown}
 j - a potion of haste
 m - a potion of brilliance {unknown}
 r - a potion of invisibility {unknown}
 s - a potion of magic {unknown}

Dungeon Overview and Level Annotations

Branches:
Dungeon (4/15)
 Temple: D:4-7

Altars:
Nemelex Xobeh
Okawaru
Yredelemnul

Shops:
D:4 [!*


Message History

r - a cyan potion
Enter note: You now have 159 gold pieces (gained 7).
Found 5 stones.
Enter note: You open the door.
Found a stone staircase leading down.
Enter note:
There is an open door here.
s - a grey potion
Enter note: You open the door.
There is an open door here.
An iguana comes into view.
The iguana hisses angrily.
You hear a shout!
Enter note: You throw a boomerang.
The boomerang hits the iguana but does no damage.
An ogre comes into view. It is wielding a +0 giant club.
You throw a boomerang. The boomerang hits the iguana.
The iguana is lightly wounded.
You closely miss the iguana.
The iguana is lightly wounded.
You block the iguana's attack.
You closely miss the iguana.
The iguana is lightly wounded.
You block the iguana's attack.
An adder comes into view.
The adder hisses angrily.
You slash the iguana!
The iguana is almost dead.
The iguana closely misses you.
You barely miss the iguana.
The iguana is almost dead.
You hit the ogre. The iguana bites you.
The ogre hits you with a +0 giant club!!
Ouch! That really hurt!
The iguana bites you.
You die...

#...'....#
#...####.# #...#
#.# #...# #.#
#...# #.# #...#
#.# ###########.#
#
#.........#.##.###
#@#######.#.......
#lO............##.
#..######.####.#
#..# #.# .# #.S#
#.# # #..# #.#
#... ..# .... ..#
.##


You could see an ogre, an iguana and an adder.

Vanquished Creatures
  A scorpion (D:4)
  5 adders
  A worm (D:3)
  3 dart slugs
  An orc (D:3)
  3 ball pythons (D:1)
  9 endoplasms
  5 giant cockroaches
  8 goblins
  4 hobgoblins
  5 jackals
  3 quokkas
  4 bats
  3 frilled lizards
  6 kobolds
  6 rats
67 creatures vanquished.

Notes
Turn   | Place    | Note
-------+----------+-------------------------------------------
     0 | D:1      | qw the Gargoyle Fighter began the quest for the Orb.
     0 | D:1      | Reached XP level 1. HP: 14/14 MP: 1/1
     0 | D:1      | 0 ||| qw: Version: 0.2-a-107-g4668610
     0 | D:1      | 0 ||| qw: Game counter: 1208
     0 | D:1      | 0 ||| qw: Always use a shield: true
     0 | D:1      | 0 ||| qw: God list: Okawaru
     0 | D:1      | 0 ||| qw: Allow faded altars: false
     0 | D:1      | 0 ||| qw: Do Orc after D:15 true
     0 | D:1      | 0 ||| qw: Do second Lair branch before Depths: true
     0 | D:1      | 0 ||| qw: Lair rune preference: random
     0 | D:1      | 0 ||| qw: Plans: Normal, Zot:1-4, Slime:5, God:TSO, Crypt,
                  | Tomb, Abyss, Pan, Hells, Win
     0 | D:1      | 0 ||| PLANNING D:1-11
   120 | D:1      | Reached skill level 2 in Axes
   170 | D:1      | Reached XP level 2. HP: 19/19 MP: 2/2
   340 | D:1      | 340 ||| Stepping ~*~*~tactically~*~*~ (stealth).
   360 | D:1      | 360 ||| Stepping ~*~*~tactically~*~*~ (stealth).
   364 | D:1      | 364 ||| Stepping ~*~*~tactically~*~*~ (stealth).
   365 | D:1      | 365 ||| Stepping ~*~*~tactically~*~*~ (stealth).
   403 | D:1      | Reached skill level 3 in Axes
   472 | D:1      | Reached XP level 3. HP: 23/23 MP: 3/3
   871 | D:2      | 871 ||| Stepping ~*~*~tactically~*~*~ (hiding).
   873 | D:2      | 873 ||| Stepping ~*~*~tactically~*~*~ (stealth).
   890 | D:2      | 890 ||| Stepping ~*~*~tactically~*~*~ (stealth).
   960 | D:2      | Reached XP level 4. HP: 25/28 MP: 4/4
   996 | D:2      | 996 ||| Stepping ~*~*~tactically~*~*~ (stealth).
  1029 | D:2      | 1029 ||| Stepping ~*~*~tactically~*~*~ (hiding).
  1030 | D:2      | 1030 ||| Stepping ~*~*~tactically~*~*~ (hiding).
  1134 | D:2      | 1134 ||| DROPPING +0 club.
  1167 | D:2      | 1167 ||| Stepping ~*~*~tactically~*~*~ (hiding).
  1348 | D:2      | Found a faded altar of an unknown god.
  1378 | D:2      | Reached skill level 4 in Axes
  1512 | D:2      | 1512 ||| UPGRADING to ring of positive energy.
  1513 | D:2      | 1513 ||| READING scroll labelled XONWAU PINIFF.
  1514 | D:2      | 1514 ||| READING scroll labelled EMOTUD UPIACH.
  1518 | D:2      | 1518 ||| READING scroll labelled FUEBIMNUGE.
  1519 | D:2      | 1519 ||| READING scroll labelled USAQUR ICUMO.
  1520 | D:2      | 1520 ||| DRINKING 2 lumpy pink potions.
  1526 | D:3      | Found a basalt altar of Yredelemnul.
  1545 | D:3      | 1545 ||| Stepping ~*~*~tactically~*~*~ (stealth).
  1593 | D:3      | Found a sparkling altar of Nemelex Xobeh.
  1898 | D:3      | 1898 ||| Stepping ~*~*~tactically~*~*~ (stealth).
  1900 | D:3      | 1900 ||| Stepping ~*~*~tactically~*~*~ (hiding).
  2045 | D:3      | Found a faded altar of an unknown god.
  2181 | D:3      | 2181 ||| Stepping ~*~*~tactically~*~*~ (stealth).
  2262 | D:3      | 2262 ||| Stepping ~*~*~tactically~*~*~ (hiding).
  2487 | D:3      | Found an iron altar of Okawaru.
  2636 | D:3      | 2636 ||| UPGRADING to amulet of the acrobat.
  2641 | D:3      | 2641 ||| READING scroll labelled YFAATU AZIEXAE.
  2661 | D:3      | 2661 ||| READING scroll labelled YGAUZI NO RYE.
  2662 | D:3      | 2662 ||| READING scroll labelled LOBRUO HE TIY.
  2663 | D:3      | 2663 ||| READING scroll labelled FEECY PIKHLISCH.
  2764 | D:3      | 2764 ||| READING scroll labelled LULIVY ISEYMPE.
  2765 | D:3      | 2765 ||| DRINKING 2 golden potions.
  2766 | D:3      | 2766 ||| DRINKING 2 viscous black potions.
  2796 | D:4      | Found Taecer's Antique Armour Shop.
  2796 | D:4      | Found Voaniok's Distillery.
  2796 | D:4      | Found Xiyxzour's Assorted Antiques.
  2798 | D:4      | 2798 ||| SHOPLISTING helmet (144 gold, have 142).
  2798 | D:4      | 2798 ||| SHOPLISTING shiny chain mail (240 gold, have 142).
  2857 | D:4      | Reached XP level 5. HP: 32/32 MP: 5/5
  2876 | D:4      | Reached skill level 5 in Axes
  3199 | D:4      | Noticed an ogre
  3205 | D:4      | HP: 2/32 [ogre/+0 giant club (26)]
  3205 | D:4      | Slain by an iguana

Levels and vault maps discovered:
D:1:      onia_arrival_mini_maze, layout_basic, hangedman_feature_mirror,
          grunt_decor_junction
D:2:      layout_rooms, shapermc_ecumenical_altar_mp_urbaneastern
D:3:      minmay_spotlight, layout_loops_ring,
          nicolae_overflow_ecumenical_swirl, mainiacjoe_overflow_catch_the_wave
D:4:      minmay_wonky_spiral, layout_basic, nicolae_shop_distant_corner_stores,
          nicolae_kite_square_tiling_tiny

Skill      XL: |  1  2  3  4  5 |
---------------+----------------+-----
Axes           | 2 3 4 5 |  5.1
Fighting       | |  3.4
Armour         | |  3.2
Shields        | |  3.2

Action                     |  1- 3 |  4- 6 || total
---------------------------+-------+-------++-------
  Melee: War axe           |   122 |   105 ||   227
  Throw: Boomerang         |       |     2 ||     2
    Use: Scroll            |       |     9 ||     9
         Potion            |       |     3 ||     3
 Armour: Scale mail        |    76 |    41 ||   117
  Dodge: Dodged            |    56 |    39 ||    95
  Block: Buckler           |    27 |     8 ||    35

Table legend:
 A = Non-vault XP
 B = Vault XP
 C = Vault XP percentage of total XP
 D = Non-vault monster count
 E = Vault monster count
 F = Vault count percentage of total count
                 A         B        C        D         E       F
            +---------+---------+-------+---------+---------+-------
      Total |     254 |      14 |   5.2 |      60 |       7 |  10.4
            +---------+---------+-------+---------+---------+-------
        D:1 |      46 |       7 |  13.2 |      26 |       3 |  10.3
        D:2 |      61 |       0 |   0.0 |      16 |       0 |   0.0
        D:3 |      43 |       7 |  14.0 |      14 |       4 |  22.2
        D:4 |     104 |       0 |   0.0 |       4 |       0 |   0.0
            +---------+---------+-------+---------+---------+-------
